AoeStats
← Herby

Arena

509755035Analyzed
1v1 RM · 4d ago on Sep 27, 2026· 27m 55s· 2 players
Game mode
Random Map
Map size
Tiny (2 player)
Population
200
Speed
Normal
Resources
Standard
Victory
Conquest
Starting age
Dark Age
Ending age
Imperial Age
RankedLock teamsTeams togetherTeam positionsShared explorationLock speedFull tech treeHidden civsTurbo modeCheats
Victory
Defeat
🇦🇷 Teutons · Argentina
1311
+17
🇲🇽 Khmer · Mexico
1337
-17
Ledir
11:02 Feudal Age
15:08 Castle Age
12:59 Horse Collar
13:32 Double-Bit Axe
14:43 Loom
16:56 Bow Saw
18:15 Bloodlines
25:56 Wheelbarrow
25:07 Town Watch
28:31 Devotion
Herby
9:33 Feudal Age
8:25 Loom
13:07 Castle Age
11:30 Double-Bit Axe
12:56 Gold Mining
14:10 Bow Saw
25:56 Sanctity
26:11 Redemption
Connection lost

Rejoining the realm…

Still unreachable

The connection could not be restored.

Session expired

The server has moved on; the page needs a fresh start.